 Dungeon Crawl Stone Soup version 0.31-a0-154-g56bf346678 (webtiles) character file.

Game seed: 11405639216123780927

609 pokeman the Magician (level 7, 0/40 HPs)
             Began as a Deep Elf Hedge Wizard on June 11, 2023.
             Slain by an ogre
             ... wielding a +0 giant spiked club
              (28 damage)
             ... on level 5 of the Dungeon.
             The game lasted 00:09:39 (4133 turns).

pokeman the Magician (Deep Elf Hedge Wizard)        Turns: 4133, Time: 00:09:40

Health: 0/40       AC:  6    Str:  7    XL:     7   Next: 19%
Magic:  0/20       EV: 13    Int: 21    God:
Gold:   202        SH:  0    Dex: 14    Spells: 13/21 levels left

rFire   . . .        m - +0 dagger (venom)
rCold   + . .        (no shield)
rNeg    + . .        q - +2 robe {rC+}
rPois   .            c - +0 hat
rElec   .            s - +0 cloak
rCorr   .            (no gloves)
SInv    .            i - +0 pair of boots
Will    .....        (no amulet)
Stlth   ++           n - ring of positive energy
HPRegen 0.26/turn    (no ring)
MPRegen 0.17/turn

%: no passive effects
@: no status effects
A: no striking features
a: no special abilities


You were on level 5 of the Dungeon.
You visited 1 branch of the dungeon, and saw 5 of its levels.

You collected 202 gold pieces.

Inventory:

Hand Weapons
 m - a +0 dagger of venom (weapon)
 w - a +4 quarterstaff of chaos
Armour
 c - a +0 hat (worn)
 i - a +0 pair of boots (worn)
 q - a +2 robe of cold resistance (worn)
 s - a +0 cloak (worn)
Magical Staves
 v - a staff of air
Jewellery
 n - a ring of positive energy (left hand)
Wands
 f - a wand of paralysis (11)
Scrolls
 b - a scroll of fog {unknown}
 e - 7 scrolls of identify {unknown}
 h - 3 scrolls of enchant weapon {unknown}
 j - a scroll of immolation {unknown}
 l - a scroll of silence {unknown}
 p - 2 scrolls of teleportation {unknown}
 u - a scroll of blinking {unknown}
Potions
 a - 4 potions of attraction
 d - a potion of magic
 g - a potion of resistance
 k - a potion of mutation
 o - 2 potions of enlightenment
 r - a potion of brilliance {unknown}
 t - a potion of invisibility {unknown}


   Skills:
 - Level 2.0 Fighting
 + Level 1.7 Armour
 - Level 3.0 Dodging
 - Level 3.0 Stealth
 * Level 7.7 Spellcasting
 + Level 3.7 Conjurations
 - Level 1.1 Summonings
 - Level 1.1 Translocations
 + Level 1.3 Air Magic
 - Level 1.0 Poison Magic
 - Level 1.0 Evocations


You had 13 spell levels left.
You knew the following spells:

 Your Spells              Type           Power      Damage    Failure   Level
a - Magic Dart            Conj           96%        1d7       1%          1
b - Mephitic Cloud        Conj/Pois/Air  16%        N/A       11%         3
c - Call Imp              Summ           24%        N/A       8%          2
d - Blink                 Tloc           24%        N/A       8%          2

Your spell library contained the following spells:

 Spells                   Type           Power      Damage    Failure   Level
 Static Discharge         Conj/Air       36%        2-4/arc   4%          2
 Slow                     Hex            32%        N/A       9%          1
 Cigotuvi's Dreadful Rot  Necr/Pois/Air  22%        N/A       9%          2
 Airstrike                Air            6%         2d(1-17)  43%         4
 Summon Lightning Spire   Summ/Air       13%        N/A       45%         4
 Storm Form               Tmut/Air       5%         N/A       100%        7
 Maxwell's Capacitive Co  Air            6%         ∞         100%        8


Dungeon Overview and Level Annotations

Branches:
Dungeon (5/15)
 Temple: D:4-7

Altars:
Ashenzari
Dithmenos
Qazlal
Yredelemnul

Shops:
D:2 [


Message History

Unknown command.
Casting: Magic Dart (safe; 1% risk of failure)
Confirm with . or Enter, or press ? or * to list all spells.
You can't see any susceptible monsters within range! (Use Z to cast anyway.) Unknown command.
An ogre is nearby!
Casting: Magic Dart (safe; 1% risk of failure)
Confirm with . or Enter, or press ? or * to list all spells.
Aiming: Magic Dart (safe; 1% risk of failure)
Press: ? - help, Shift-Dir - straight line, f/p - ogre
Aim: an ogre, wielding a +0 giant spiked club (moderately wounded, 100% to hit)
The magic dart hits the ogre.
The ogre is heavily wounded.
Casting: Magic Dart (safe; 1% risk of failure)
Confirm with . or Enter, or press ? or * to list all spells.
Aiming: Magic Dart (safe; 1% risk of failure)
Press: ? - help, Shift-Dir - straight line, f/p - ogre
Aim: an ogre, wielding a +0 giant spiked club (heavily wounded, 100% to hit)
The magic dart hits the ogre but does no damage.
The ogre is heavily wounded.
Casting: Magic Dart (safe; 1% risk of failure)
Confirm with . or Enter, or press ? or * to list all spells.
You don't have enough magic to cast this spell.
An ogre is nearby!
Unknown command.
Casting: Magic Dart (safe; 1% risk of failure)
Confirm with . or Enter, or press ? or * to list all spells.
You don't have enough magic to cast this spell.
Unknown command.
Unknown command.
The ogre attacks as you move away! The ogre barely misses you.
Casting: Magic Dart (safe; 1% risk of failure)
Confirm with . or Enter, or press ? or * to list all spells.
Aiming: Mephitic Cloud (dangerous; 11% risk of failure)
Press: ? - help, Shift-Dir - straight line, f/p - ogre
Aim: an ogre, wielding a +0 giant spiked club (heavily wounded, chance to affect: 77%)
The ball explodes into a vile cloud!
The ogre hits you with a +0 giant spiked club!!
Ouch! That really hurt!
You die...

....#......'...... .
#......#...... #......# .....
#.....#......# ....
#.....#......# ...
#####.....#+###..# ..
..........#☼○##..# .
..........#.○☼O..#
..........#...@..#
..........#'######
...................
......................#
.......<..............#
......................#
......................#########
..........##########...........
#####.....# #...........


You could see an ogre.

Vanquished Creatures
  Sigmund (D:3)
  An ice beast (D:5)
  A gnoll bouda (D:5)
  Crazy Yiuf (D:4)
  2 jellies (D:5)
  2 orc wizards (D:4)
  Natasha (thrice) (D:3)
  4 gnolls
  An adder (D:2)
  An ufetubus (D:5)
  3 dart slugs
  6 orcs
  6 endoplasms
  5 goblins
  3 hobgoblins
  4 jackals (D:4)
  7 kobolds
  2 quokkas
  4 bats
  A frilled lizard (D:1)
  5 rats
63 creatures vanquished.

Notes
Turn   | Place    | Note
-------+----------+-------------------------------------------
     0 | D:1      | pokeman the Deep Elf Hedge Wizard began the quest for the
                  | Orb.
     0 | D:1      | Reached XP level 1. HP: 10/10 MP: 7/7
   292 | D:1      | Reached XP level 2. HP: 16/16 MP: 1/9
  1372 | D:2      | Reached skill level 5 in Spellcasting
  1414 | D:2      | Reached XP level 3. HP: 16/20 MP: 3/11
  1418 | D:2      | Learned a level 3 spell: Mephitic Cloud
  1421 | D:2      | Learned a level 2 spell: Call Imp
  1424 | D:2      | Learned a level 2 spell: Blink
  1581 | D:2      | Found Wytouscho's Antique Armour Emporium.
  2070 | D:3      | Noticed Sigmund
  2097 | D:3      | Killed Sigmund
  2098 | D:3      | Reached skill level 1 in Fighting
  2098 | D:3      | Reached skill level 1 in Armour
  2098 | D:3      | Reached skill level 6 in Spellcasting
  2098 | D:3      | Reached XP level 4. HP: 8/26 MP: 5/14
  2098 | D:3      | Reached XP level 5. HP: 9/30 MP: 5/15
  2288 | D:3      | Found a stormy altar of Qazlal.
  2288 | D:3      | Found a broken altar of Ashenzari.
  2445 | D:3      | Noticed Natasha
  2456 | D:3      | Killed Natasha
  2645 | D:3      | Noticed Natasha
  2653 | D:3      | Killed Natasha
  2654 | D:3      | Reached XP level 6. HP: 35/35 MP: 10/17
  2746 | D:3      | Noticed Natasha
  2759 | D:3      | Killed Natasha
  3576 | D:4      | Found a runed translucent door.
  3577 | D:4      | Noticed Crazy Yiuf
  3591 | D:4      | Killed Crazy Yiuf
  3592 | D:4      | Reached skill level 7 in Spellcasting
  3650 | D:5      | Entered Level 5 of the Dungeon
  3792 | D:5      | Found a shadowy altar of Dithmenos.
  3792 | D:5      | Found a basalt altar of Yredelemnul.
  3916 | D:5      | Reached skill level 1 in Evocations
  3947 | D:4      | Gained mutation: You are frail. (-10% HP) [potion of
                  | mutation]
  3947 | D:4      | Lost mutation: You are frail. (-10% HP) [potion of
                  | mutation]
  3961 | D:4      | Reached skill level 1 in Poison Magic
  4077 | D:5      | Noticed an ice beast
  4100 | D:5      | Killed an ice beast
  4101 | D:5      | Reached skill level 1 in Air Magic
  4101 | D:5      | Reached XP level 7. HP: 19/40 MP: 3/20
  4133 | D:5      | Slain by an ogre

Illustrated notes

Levels and vault maps discovered:
D:1:      elethiomel_arrival_quiet, layout_basic
D:2:      layout_loops_cross, serial_shops, shop, minivault_24
D:3:      layout_basic, gammafunk_temple_overflow_pools, uniq_sigmund,
          uniq_natasha
D:4:      layout_basic, hex_intersection, uniq_crazy_yiuf_cottage
D:5:      layout_gridville, gammafunk_temple_overflow_wave,
          minmay_strange_pillars, minmay_diced_spiral

Skill      XL: |  1  2  3  4  5  6 |
---------------+-------------------+-----
Spellcasting   | 5 6 7 |  7.7
Fighting       | 1 2 |  2.0
Armour         | 1 |  1.7
Conjurations   | 2 3 |  3.7
Stealth        | 3 |  3.0
Dodging        | 3 |  3.0
Evocations     | 1 |  1.0
Poison Magic   | 1 |  1.0
Air Magic      | 1 |  1.3
Summonings     | |  1.1
Translocations | |  1.1

Action                     |  1- 3 |  4- 6 |  7- 9 || total
---------------------------+-------+-------+-------++-------
  Melee: Dagger            |    16 |    29 |       ||    45
         Quarterstaff      |       |    14 |       ||    14
   Cast: Magic Dart        |    77 |    79 |     6 ||   162
         Mephitic Cloud    |     2 |    10 |     1 ||    13
         Call Imp          |     1 |     5 |       ||     6
         Blink             |       |     4 |       ||     4
    Use: Potion            |       |     5 |       ||     5
   Stab: Confused          |     2 |     5 |       ||     7
 Armour: Robe              |     7 |    12 |       ||    19
  Dodge: Dodged            |    21 |    36 |     1 ||    58

Table legend: (Time is in decaauts)
 A = Elapsed time spent in this place.
 B = Non-inter-level travel time spent in this place.
 C = Inter-level travel time spent in this place.
 D = Time resting spent in this place.
 E = Time spent auto-exploring this place.
 F = Levels seen in this place.
 G = Mean time per level.
                   A        B        C        D        E       F      G
               +--------+--------+--------+--------+--------+-----+--------+
         Total |   4134 |   4034 |    100 |    162 |   3287 |   5 |  826.8 |
       Dungeon |   4134 |   4034 |    100 |    162 |   3287 |   5 |  826.8 |
               +--------+--------+--------+--------+--------+-----+--------+

Top non-repeatable levels by time:
     D:1: 1015 daAuts
     D:2: 967 daAuts
     D:3: 952 daAuts
     D:4: 846 daAuts
     D:5: 351 daAuts
